 Dungeon Crawl Stone Soup version 0.18-a0-1267-gff090c1 (webtiles) character file.

167 RedPan the Shield-Bearer (level 5, -2/61 HPs)
             Began as a Formicid Fighter on Feb 7, 2016.
             Slain by an orc warrior
             ... wielding a +0 trident
              (5 damage)
             ... on level 7 of the Dungeon.
             The game lasted 00:06:10 (3153 turns).

RedPan the Shield-Bearer (Formicid Fighter)         Turns: 3153, Time: 00:06:10

Health: -2/61      AC: 22    Str: 22    XL:     5   Next: 76%
Magic:  5/5        EV:  2    Int:  7    God:
Gold:   79         SH: 11    Dex: 10    Spells: 0 memorised, 4 levels left

rFire  . . .     SeeInvis .     a - +0 flail
rCold  . . .     Gourm    .     (armour currently unavailable)
rNeg   + + +     Faith    .     c - +0 shield
rPois  +         Spirit   .     (helmet unavailable)
rElec  .         Dismiss  .     (cloak currently unavailable)
rCorr  .         Reflect  .     (gloves currently unavailable)
SustAt .         Harm     .     (boots currently unavailable)
MR     .....                    (no amulet)
Stlth  +.........               (no ring)
                                (no ring)

@: tree-form (expiring), not resistant to hostile enchantments, very unstealthy
A: permanent stasis, dig shafts and tunnels, four strong arms, (antennae 0)
a: no special abilities


You were on level 7 of the Dungeon.
You were near starving.
You were a tree.
You visited 1 branch of the dungeon, and saw 6 of its levels.

You collected 79 gold pieces.

Inventory:

Hand Weapons
 a - a +0 flail (weapon)
Armour
 b - a +0 scale mail (melded)
 c - a +0 shield (worn)
 h - a +0 pair of boots (melded)
 l - a +0 pair of gloves (melded)
Scrolls
 i - 5 scrolls of identify
Potions
 d - a potion of might
 e - a potion of agility
 g - a potion of curing
 o - a potion of lignification
 s - a potion of berserk rage {unknown}
Comestibles
 f - a bread ration
 j - a meat ration


   Skills:
 - Level 3.2 Fighting
 - Level 2.0 Maces & Flails
 - Level 3.2 Armour
 + Level 7.2 Shields


You had 4 spell levels left.
You didn't know any spells.

Dungeon Overview and Level Annotations

Branches:
Dungeon (4/15)
 Temple: D:4-7

Altars:
Fedhas
Kikubaaqudgha
Xom
Yredelemnul

Shops:
D:5 *   D:7 ?


Innate Abilities, Weirdness & Mutations

You are under a permanent stasis effect.
You can dig through walls and to a lower floor.
Your four strong arms can wield two-handed weapons with a shield.
((You have a pair of large antennae on your head (SInv).))


Message History

The orc barely misses you.
The orc warrior hits you but does no damage.
You closely miss the orc warrior.
The orc warrior is lightly wounded.
Your transformation is almost over.
The orc hits you but does no damage.
The orc warrior hits you with a trident!
* * * LOW HITPOINT WARNING * * *
You hit the orc warrior but do no damage.
The orc warrior is lightly wounded.
You block the orc's attack.
The orc warrior hits you with a trident.
* * * LOW HITPOINT WARNING * * *
The orc hits you but does no damage.
You hit the orc warrior but do no damage.
The orc warrior is lightly wounded.
The orc warrior hits you but does no damage.
You block the orc's attack.
The orc warrior hits you with a trident.
You die...

#.###########.
#.............
############..
############..
#..........#..
###.########.#..
###...# #.#..
#ooo..# #.#..
#♣##8.# #.#..
#(##..# #.#..
#.8.∩.8..{ +...#
####..#.% #...#
#8.#.... #...#
#....... #...#
###o#### #...#
#...# #...#


You could see an orc warrior and 2 orcs.

Vanquished Creatures
  An orc wizard (D:3)
  5 adders
  2 oozes (D:2)
  2 worms
  2 giant geckos
  11 orcs
  3 giant cockroaches
  3 goblins
  7 hobgoblins
  4 jackals (D:2)
  2 quokkas (D:3)
  A ball python (D:2)
  10 bats
  2 giant newts
  11 kobolds
  7 rats
73 creatures vanquished.

Notes
Turn   | Place    | Note
--------------------------------------------------------------
     0 | D:1      | RedPan the Formicid Fighter began the quest for the Orb.
     0 | D:1      | Reached XP level 1. HP: 18/18 MP: 1/1
    79 | D:1      | Reached skill level 4 in Shields
    92 | D:1      | Reached XP level 2. HP: 21/24 MP: 2/2
   684 | D:2      | Reached skill level 5 in Shields
   684 | D:2      | Reached XP level 3. HP: 16/29 MP: 3/3
  1068 | D:2      | Reached XP level 4. HP: 35/35 MP: 4/4
  1334 | D:2      | Reached skill level 6 in Shields
  2054 | D:3      | Reached XP level 5. HP: 32/41 MP: 5/5
  2411 | D:3      | Found an ancient bone altar of Kikubaaqudgha.
  2413 | D:3      | Found a blossoming altar of Fedhas.
  2527 | D:3      | Reached skill level 7 in Shields
  2675 | D:2      | Found a shimmering altar of Xom.
  2728 | D:3      | Found a basalt altar of Yredelemnul.
  2836 | D:4      | You fall through a shaft!
  2836 | D:5      | Entered Level 5 of the Dungeon
  2836 | D:5      | Found Wozozuem's Whimsical Warehouse.
  2848 | D:5      | You fall through a shaft for 2 floors!
  3119 | D:7      | Found Ypaitu's Magic Scroll Shoppe.
  3121 | D:7      | Noticed an orc warrior
  3152 | D:7      | HP: 2/61 [orc warrior/trident (3)]
  3153 | D:7      | Slain by an orc warrior

Vault maps used:
D:1:      shiori_arrival_oz
D:2:      lemuel_upstairs_altar
D:3:      grunt_temple_overflow_growth_and_decay, yredelemnul_altar_generic
D:4:      first_bread, hangedman_decor_peaks_small, uniq_natasha, uniq_pikel
D:5:      grunt_temple_overflow_champion_of_chaos, tso_oasis_becter,
          nicolae_alphabet_shops
D:7:      okawaru_humans, minmay_temple_entry_water_ring, serial_shops, shop,
          kennysheep_mini_moat, shop, nicolae_shop_statue_plus,
          kennysheep_little_box, uniq_menkaure

Action                   |  1- 3 |  4- 6 || total
-------------------------+-------+-------++-------
Melee: Flail             |   137 |   242 ||   379
 Abil: Dig               |       |     2 ||     2
       Shaft Self        |       |     2 ||     2
  Use: Scroll            |       |     6 ||     6
       Potion            |       |     4 ||     4
  Eat: Chunk             |     1 |     6 ||     7
